AoeStats
← Azatapower

Arabia

505329193Analyzed
1v1 RM · 23d ago on Sep 8, 2026· 64m 7s· 2 players
Game mode
Random Map
Map size
Tiny (2 player)
Population
200
Speed
Normal
Resources
Standard
Victory
Conquest
Starting age
Dark Age
Ending age
Imperial Age
RankedLock teamsTeams togetherTeam positionsShared explorationLock speedFull tech treeHidden civsTurbo modeCheats
Victory
Defeat
🇧🇷 Hindustanis · Brazil
1328
+16
🇧🇷 Maya · Brazil
1327
-16
Catiorão
0:25 Loom
9:40 Feudal Age
12:36 Fletching
15:55 Padded Archer Armor
19:08 Wheelbarrow
23:23 Castle Age
22:09 Double-Bit Axe
23:07 Scale Mail Armor
23:17 Forging
23:29 Crossbowman
24:15 Thumb Ring
24:13 Bodkin Arrow
24:46 Bow Saw
25:30 Squires
27:25 Hand Cart
27:50 Forging
29:22 Eagle Warrior
35:37 Iron Casting
39:32 Imperial Age
38:00 Chain Mail Armor
38:10 Pikeman
41:36 Blast Furnace
43:12 Bracer
43:44 Ballistics
45:18 Plate Mail Armor
45:27 Halberdier
47:20 Leather Archer Armor
47:14 Gold Mining
49:25 Chemistry
52:44 Hul'che Javelineers
52:10 Elite Skirmisher
52:56 Thumb Ring
54:40 Arbalester
57:23 Conscription
59:48 Two-Man Saw
61:12 Man-at-Arms
61:37 Arson
62:25 Ring Archer Armor
63:22 Long Swordsman
Azatapower
5:37 Loom
8:33 Feudal Age
12:19 Horse Collar
20:55 Castle Age
19:40 Scale Barding Armor
19:50 Forging
20:12 Fletching
21:32 Light Cavalry
27:36 Town Watch
29:13 Double-Bit Axe
34:42 Wheelbarrow
36:47 Chain Barding Armor
37:38 Bow Saw
38:50 Iron Casting
38:11 Bodkin Arrow
39:04 Bloodlines
38:56 Husbandry
42:22 Imperial Age
42:24 Hussar
44:19 Chemistry
44:37 Plate Barding Armor
45:02 Blast Furnace
44:03 Bracer
44:09 Heavy Plow
44:45 Conscription
45:42 Town Patrol
45:57 Herbal Medicine
52:16 Scale Mail Armor
53:17 Chain Mail Armor
53:20 Elite Ghulam
54:02 Man-at-Arms
54:43 Squires
54:29 Arson
54:47 Stone Mining
55:25 Padded Archer Armor
54:49 Long Swordsman
56:00 Two-Handed Swordsman
58:31 Stone Shaft Mining
57:46 Gold Mining
59:22 Ballistics
63:45 Hand Cart
Connection lost

Rejoining the realm…

Still unreachable

The connection could not be restored.

Session expired

The server has moved on; the page needs a fresh start.